 Dungeon Crawl Stone Soup version 0.28-a0-909-g796cbd3a86 (webtiles) character file.

Game seed: 104402720443988783

2 ders the Caller (level 1, -1/7 HPs)
             Began as a Felid Summoner on Nov 24, 2021.
             Frozen to death by an endoplasm (5 damage)
             ... on level 1 of the Dungeon.
             The game lasted 00:00:15 (236 turns).

ders the Caller (Felid Summoner)                     Turns: 236, Time: 00:00:16

Health: -1/7       AC:  1    Str:  4    XL:     1   Next: 25%
Magic:  2/4        EV: 17    Int: 16    God:
Gold:   0          SH:  0    Dex: 16    Spells: 3/4 levels left
                                        Lives:  0   Deaths: 0

rFire   . . .      SeeInvis +   (weapon unavailable)
rCold   . . .      Faith    .   (shield unavailable)
rNeg    . . .      Spirit   .   (armour unavailable)
rPois   .          Reflect  .   (helmet unavailable)
rElec   .          Harm     .   (cloak unavailable)
rCorr   .          Rampage  .   (gloves unavailable)
Will    .....                   (boots unavailable)
Stlth   ++........              (no amulet)
HPRegen 0.02/turn               (no ring)
MPRegen 0.09/turn               (no ring)

@: quick
A: very small, claws 1, fangs 3, see invisible, speed 1, shaggy fur 1, stealthy
paws, no weapons or thrown items, no armour, multi-lived
a: no special abilities


You were on level 1 of the Dungeon.
You visited 1 branch of the dungeon, and saw 1 of its levels.

You aren't carrying anything.


   Skills:
 + Level 2.8 Dodging
 - Level 2.6 Stealth
 + Level 2.0 Spellcasting
 + Level 4.0 Summonings


You had 3 spell levels left.
You knew the following spells:

 Your Spells              Type           Power      Damage    Failure   Level
a - Summon Small Mammal   Summ           56%        N/A       4%          1

Your spell library contained the following spells:

 Spells                   Type           Power      Damage    Failure   Level
 Call Imp                 Summ           14%        N/A       6%          2
 Call Canine Familiar     Summ           14%        N/A       12%         3
 Summon Guardian Golem    Hex/Summ       8%         N/A       26%         3
 Summon Lightning Spire   Summ/Air       8%         N/A       65%         4


Dungeon Overview and Level Annotations

Branches:
Dungeon (1/15)

Altars:


Innate Abilities, Weirdness & Mutations

You have sharp claws.
You have razor-sharp teeth.
You have supernaturally acute eyesight. (SInv)
You cover ground quickly. (Speed+)
You are covered in fur. (AC +1)
Your paws help you pounce on unaware monsters.
You are incapable of wielding weapons or throwing items.
You cannot wear armour.
You gain extra lives every three experience levels.


Message History

Your rat bites the quokka but does no damage.
Your quokka barely misses the quokka.
The quokka bites your rat.
Your rat dies!
Your rat's corpse disappears in a puff of smoke!
Your quokka misses the quokka. The quokka bites your quokka.
Your quokka bites the quokka.
The quokka dies!
You start resting.
Magic restored.
Your quokka disappears in a puff of smoke!
HP restored.
There is an open door here.
You see here a quokka corpse.
An endoplasm comes into view.
An endoplasm is nearby!
Casting: Summon Small Mammal (safe; 4% risk of failure)
Confirm with . or Enter, or press ? or * to list all spells.
Unknown command.
Casting: Summon Small Mammal (safe; 4% risk of failure)
Confirm with . or Enter, or press ? or * to list all spells.
Your bat hits the endoplasm.
The endoplasm quivers.
Unknown command.
The endoplasm misses your bat. The endoplasm misses your bat.
The endoplasm hits your bat.
Your bat hits the endoplasm.
Your bat barely misses the endoplasm.
The endoplasm hits your bat.
Your bat hits the endoplasm. The endoplasm hits your bat.
Your bat dies!
Your bat's corpse disappears in a puff of smoke!
Casting: Summon Small Mammal (safe; 4% risk of failure)
Confirm with . or Enter, or press ? or * to list all spells.
The endoplasm freezes you.
You are frozen.
Your bat hits the endoplasm. The endoplasm freezes you.
You are frozen.
Ouch! That really hurt!
You die...

..... #...... .
# ...... .. .#
.....#####.# ..#
#. ............#
#.###..... .....
#......###......
#.......@Jb.....
###.......#.#.##
#_ #.†....r..+
##. #.#.......#
##PP #.#########


#PPP #.# #PPP #.# #PPP #.# #PP. #.# #' You could see an endoplasm (ally target),
a friendly quokka (summoned) and a friendly bat (summoned).

Vanquished Creatures (collateral kills)
  A quokka (D:1)
  A frilled lizard (D:1)
2 creatures vanquished.

Notes
Turn   | Place    | Note
-------+----------+-------------------------------------------
     0 | D:1      | ders the Felid Summoner began the quest for the Orb.
     0 | D:1      | Reached XP level 1. HP: 7/7 MP: 4/4
    53 | D:1      | Found a faded altar of an unknown god.
   236 | D:1      | Frozen to death by an endoplasm

Illustrated notes

Levels and vault maps discovered:
D:1:      onia_arrival_mini_spirals, layout_basic,
          shapermc_ecumenical_altar_flowoftime, skrybe_limestone_x

Action                   || total
-------------------------++-------
 Cast: Summon Small Mamm ||     7
Armor: Skin              ||     1
Dodge: Dodged            ||     1

Table legend: (Time is in decaauts)
 A = Elapsed time spent in this place.
 B = Non-inter-level travel time spent in this place.
 C = Inter-level travel time spent in this place.
 D = Time resting spent in this place.
 E = Time spent auto-exploring this place.
 F = Levels seen in this place.
 G = Mean time per level.
                   A        B        C        D        E       F      G
               +--------+--------+--------+--------+--------+-----+--------+
         Total |    218 |    218 |      0 |      8 |    168 |   1 |  218.0 |
       Dungeon |    218 |    218 |      0 |      8 |    168 |   1 |  218.0 |
               +--------+--------+--------+--------+--------+-----+--------+

Top non-repeatable levels by time:
     D:1: 218 daAuts
